 Dungeon Crawl Stone Soup version 0.31-a0-925-g0a390f2509 (webtiles) character file.

Game seed: 2583066474745217470

2852 IdlyInterested the Cutter (level 9, -1/102 HPs)
             Began as a Demonspawn Wanderer on Oct 18, 2023.
             Was an Initiate of Hepliaklqana.
             Slain by a gnoll
             ... wielding a +0 spear
             ... led by a gnoll sergeant
              (3 damage)
             ... on level 7 of the Dungeon.
             The game lasted 00:36:38 (9238 turns).

IdlyInterested the Cutter (Demonspawn Wanderer)     Turns: 9238, Time: 00:36:39

Health: -1/102     AC: 10    Str: 16    XL:     9   Next: 46%
Magic:  15/16      EV: 14    Int: 15    God:    Hepliaklqana [......]
Gold:   26         SH:  0    Dex: 18    Spells: 10/18 levels left

rFire   . . .        k - +4 scimitar
rCold   . . .        (no shield)
rNeg    . . .        m - +2 robe {Will+}
rPois   .            (helmet restricted)
rElec   .            x - +0 cloak
rCorr   .            o - +0 pair of gloves
SInv    .            H - +0 pair of boots
Will    +....        (no amulet) Stlth
                     q - ring of flight
HPRegen 0.37/turn    t - +6 ring of dexterity
MPRegen 0.15/turn

%: no passive effects
@: mighty, berserking, flying, very quick
A: horns 1, slimy green scales 2, ignite blood 1, demonic magic 1
a: Renounce Religion


You were on level 7 of the Dungeon.
You worshipped Hepliaklqana.
Hepliaklqana was noncommittal.
You visited 2 branches of the dungeon, and saw 8 of its levels.
You also visited: Ossuary.

You collected 325 gold pieces.
You spent 299 gold pieces at shops.

Inventory:

Hand Weapons
 j - a +0 short sword
 k - a +4 scimitar (weapon)
 A - a +1 whip of electrocution
 J - a +0 scimitar
Missiles
 a - 2 javelins
 e - 7 boomerangs
Armour
 m - a +2 robe of willpower (worn)
 o - a +0 pair of gloves (worn)
 x - a +0 cloak (worn)
 H - a +0 pair of boots (worn)
Magical Staves
 l - a staff of fire
 B - a staff of cold
Jewellery
 h - a ring of ice
 q - a ring of flight (left hand)
 t - a +6 ring of dexterity (right hand)
Wands
 c - a wand of roots (5)
 u - a wand of flame (11)
Scrolls
 b - 6 scrolls of teleportation
 g - 2 scrolls of enchant weapon
 i - a scroll of enchant armour
 v - 2 scrolls of poison
 y - a scroll of immolation {unknown}
 z - a scroll of vulnerability
 D - 2 scrolls of fog
 F - 3 scrolls of identify
 G - 2 scrolls of acquirement
 O - a scroll of brand weapon {unknown}
 P - a scroll of revelation
Potions
 d - a potion of mutation
 f - a potion of haste {unknown}
 n - 2 potions of curing
 p - 3 potions of heal wounds {unknown}
 s - a potion of enlightenment
 C - 2 potions of lignification
 E - 2 potions of brilliance {unknown}
 I - 2 potions of might
 K - a potion of resistance {unknown}
 M - a potion of invisibility {unknown}
 N - a potion of magic {unknown}
 Q - a potion of attraction


   Skills:
 + Level 5.1 Fighting
 * Level 5.8 Short Blades
 - Level 4.0 Armour
 - Level 4.0 Dodging
 - Level 5.0 Spellcasting
 + Level 3.3 Conjurations
 - Level 2.0 Hexes
 - Level 3.0 Summonings
 - Level 1.0 Fire Magic
 - Level 1.0 Ice Magic
 - Level 1.0 Air Magic
 - Level 1.0 Poison Magic
 - Level 4.0 Evocations


You had 10 spell levels left.
You knew the following spells:

 Your Spells              Type           Power      Damage    Failure   Level
a - Call Imp              Summ           24%        N/A       7%          2
b - Dazzling Flash        Conj/Hex       22%        N/A       16%         3
c - Mephitic Cloud        Conj/Pois/Air  9%         N/A       24%         3

Your spell library contained the following spells:

 Spells                   Type           Power      Damage    Failure   Level
 Magic Dart               Conj           52%        1d5       4%          1
 Slow                     Hex            36%        N/A       7%          1
 Confusing Touch          Hex            9%         N/A       22%         3
 Sigil of Binding         Hex            9%         N/A       22%         3
 Inner Flame              Hex/Fire       8%         N/A       26%         3
 Volatile Blastmotes      Fire/Tloc      10%        2d10      36%         3
 Vampiric Draining        Necr           3%         2d6       43%         3
 Brom's Barrelling Bould  Conj/Erth      8%         2d3       63%         4
 Starburst                Conj/Fire      5%         6d4       100%        6
 Maxwell's Capacitive Co  Air            3%         ∞         100%        8


Dungeon Overview and Level Annotations

Branches:
Dungeon (7/15)             Temple (1/1) D:6         Ossuary (visited)

Altars:
Dithmenos
Hepliaklqana
Makhleb
Nemelex Xobeh
Okawaru
Ru
Sif Muna
Trog
Uskayaw
Vehumet
Wu Jian
Xom
Yredelemnul

Shops:
D:1 !:(


Innate Abilities, Weirdness & Mutations

You have a pair of small horns on your head.
You are mostly covered in slimy green scales. (AC +3)
Your demonic aura sometimes causes spilled blood to erupt in flames.
Spells you cast may paralyse adjacent enemies.


Message History

A tiny devil pulls itself out of the air.
Malevolent energies surge around you.
The kobold shouts!
The gnoll sergeant hits you with a +2 spear of flaming!
* * * LOW HITPOINT WARNING * * *
The gnoll sergeant burns you.
* * * LOW HITPOINT WARNING * * *
You slash the gnoll sergeant! You headbutt the gnoll sergeant.
You kill the gnoll sergeant!
The gnoll completely misses you.
Your cerulean imp hits the gnoll from afar with a -3 spear.
You feel better. The gnoll barely misses you. The gnoll closely misses you.
Your cerulean imp hits the gnoll but does no damage.
A red film seems to cover your vision as you go berserk!
You feel yourself moving faster!
You feel mighty!
The kobold seems to regain its courage.
The gnoll hits you from afar with a +0 spear.
* * * LOW HITPOINT WARNING * * *
The gnoll barely misses you.
Your cerulean imp hits the gnoll from afar with a -3 spear.
You barely miss the gnoll.
The gnoll hits you from afar with a +0 spear.
* * * LOW HITPOINT WARNING * * *
The gnoll barely misses you. The gnoll closely misses you.
Your cerulean imp hits the gnoll from afar with a -3 spear.
You closely miss the gnoll. The gnoll barely misses you. x2
The gnoll hits you with a +0 flail.
* * * LOW HITPOINT WARNING * * *
You slice the gnoll!!
You kill the gnoll!
Your cerulean imp misses the gnoll.
The gnoll closely misses you.
The gnoll hits you from afar with a +0 spear.
* * * LOW HITPOINT WARNING * * *
The kobold hits you with a +0 short sword.
* * * LOW HITPOINT WARNING * * *
You slice the kobold!!
You kill the kobold!
Your cerulean imp hits the gnoll from afar with a -3 spear.
The gnoll hits you from afar with a +0 spear.
You die...

#....# #.
#....######.# #.
#...........# #
#...........#
#....g......#
#...####........
#...# ########
####...# #
#)@)...# #
#..).5g.#
#..gg...g[..
#....)$(....
#......g.(...
#....##......
#....# ......
#....# .....


You could see 6 gnolls and a friendly cerulean imp (summoned).

Vanquished Creatures
  A gargoyle (D:6)
  A steam dragon (D:6)
  4 sky beasts
  An ice beast (D:7)
  A black bear (D:5)
  2 ogres
  A centaur (D:6)
  A kobold brigand (D:7)
  2 bullfrogs
  A gnoll sergeant (D:7)
  3 scorpions
  3 wights (D:7)
  A vampire bat (D:3)
  A human zombie (Ossuary)
  3 orc priests
  3 hounds
  3 jellies
  Jessica (D:2)
  4 iguanas
  2 sleepcaps
  3 orc wizards
  2 mummies (Ossuary)
  9 adders
  9 gnolls
  2 ufetubi (D:5)
  2 worms
  A dart slug (D:4)
  3 fire bats (D:3)
  11 orcs
  2 spectral bats (D:3)
  15 bats
  3 bat skeletons (D:3)
  A bat zombie (D:3)
  5 endoplasms
  A giant cockroach (D:3)
  5 goblins
  5 hobgoblins
  4 jackals (D:4)
  2 quokkas
  6 ball pythons
  A bat simulacrum (D:3)
  2 frilled lizards
  3 goblin zombies (Ossuary)
  3 hobgoblin zombies (Ossuary)
  9 kobolds
  A kobold zombie (Ossuary)
  3 rats
152 creatures vanquished.

Vanquished Creatures (collateral kills)
  An ice beast (D:7)
1 creature vanquished.

Grand Total: 153 creatures vanquished

Notes
Turn   | Place    | Note
-------+----------+-------------------------------------------
     0 | D:1      | IdlyInterested the Demonspawn Wanderer began the quest for
                  | the Orb.
     0 | D:1      | IdlyInterested set off with the following items: a +0 club,
                  | a scroll of teleportation, a +0 leather armour, a potion of
                  | mutation; and the following spells available to memorise:
                  | Magic Dart, Slow, Dazzling Flash, Inner Flame, Brom's
                  | Barrelling Boulder.
     0 | D:1      | Reached XP level 1. HP: 15/15 MP: 3/3
   154 | D:1      | Found Vaonnin's Weapon Shoppe.
   258 | D:1      | Gained mutation: You have a pair of small horns on your
                  | head. [demonic ancestry]
   258 | D:1      | Reached XP level 2. HP: 21/21 MP: 5/5
   329 | D:1      | Reached skill level 1 in Armour
   382 | D:1      | Found Edoh's Distillery.
   617 | D:1      | Found Katrylin's Book Shop.
   914 | D:2      | Noticed Jessica
   922 | D:2      | Killed Jessica
   923 | D:2      | Gained mutation: You are partially covered in slimy green
                  | scales. (AC +2) [demonic ancestry]
   923 | D:2      | Reached XP level 3. HP: 9/27 MP: 6/6
  1773 | D:3      | Reached skill level 1 in Evocations
  1834 | D:3      | Reached XP level 4. HP: 30/34 MP: 7/7
  1978 | D:1      | Bought a potion of curing for 39 gold pieces
  1978 | D:1      | Bought a potion of berserk rage for 65 gold pieces
  2192 | D:3      | Found a radiant altar of Vehumet.
  2364 | D:3      | Found a shimmering blue altar of Sif Muna.
  2683 | D:3      | Reached skill level 1 in Fire Magic
  2683 | D:3      | Reached XP level 5. HP: 37/41 MP: 8/8
  2748 | D:3      | Reached skill level 1 in Ice Magic
  3004 | D:1      | Bought a potion of lignification for 39 gold pieces
  3336 | D:4      | Noticed an ogre
  3349 | D:4      | Killed an ogre
  3350 | D:4      | Gained mutation: You are mostly covered in slimy green
                  | scales. (AC +3) [demonic ancestry]
  3350 | D:4      | Reached XP level 6. HP: 36/47 MP: 10/10
  3754 | D:4      | Reached XP level 7. HP: 11/53 MP: 11/11
  4018 | D:4      | Found an ornate altar of the Wu Jian Council.
  4059 | D:4      | HP: 2/53 [orc/+0 war axe (8)]
  4460 | D:4      | Found a hide-covered altar of Uskayaw.
  4804 | D:1      | Bought a potion of might for 52 gold pieces
  4892 | D:5      | Entered Level 5 of the Dungeon
  5479 | D:5      | Gained mutation: Spells you cast may paralyse adjacent
                  | enemies. [demonic ancestry]
  5479 | D:5      | Reached XP level 8. HP: 28/60 MP: 12/14
  5955 | D:5      | Found a hazy altar of Hepliaklqana.
  5964 | D:5      | Identified a scroll of acquirement
  6171 | D:5      | Learned a level 2 spell: Call Imp
  6312 | D:5      | Learned a level 3 spell: Dazzling Flash
  6316 | D:5      | Learned a level 3 spell: Mephitic Cloud
  6410 | D:6      | Reached skill level 1 in Short Blades
  6520 | D:6      | Reached skill level 1 in Summonings
  6551 | D:6      | Found a sand-covered staircase.
  6556 | Ossuary  | Entered an ossuary
  6907 | D:6      | Found a staircase to the Ecumenical Temple.
  6951 | Temple   | Entered the Ecumenical Temple
  7026 | D:6      | Found a shadowy altar of Dithmenos.
  7211 | D:1      | Bought a potion of enlightenment for 65 gold pieces
  7417 | D:6      | Reached skill level 5 in Fighting
  7778 | D:6      | Noticed a gargoyle
  7792 | D:6      | Killed a gargoyle
  7793 | D:6      | Gained mutation: Your demonic aura sometimes causes spilled
                  | blood to erupt in flames. [demonic ancestry]
  7793 | D:6      | Reached XP level 9. HP: 7/68 MP: 13/15
  8614 | D:1      | Bought a potion of attraction for 39 gold pieces
  8955 | D:5      | Became a worshipper of Hepliaklqana the Forgotten
  9020 | D:7      | Reached skill level 5 in Short Blades
  9020 | D:7      | Reached skill level 1 in Air Magic
  9175 | D:7      | Reached skill level 1 in Poison Magic
  9200 | D:7      | Reached skill level 5 in Spellcasting
  9231 | D:7      | HP: 2/68 [gnoll sergeant/+2 spear of flaming (7)]
  9237 | D:7      | HP: 4/102 [gnoll/+0 spear[a gnoll sergeant] (5)]
  9238 | D:7      | Slain by a gnoll

Illustrated notes

Levels and vault maps discovered:
D:1:      dpeg_arrival_round_c, layout_loops_ring, serial_shops,
          nicolae_shop_competitors_out_of_business,
          nicolae_shop_tiny_real_fake_doors, shop, corexii_corridor_pit,
          chequers_avenue
D:2:      layout_basic, uniq_jessica
D:3:      layout_rooms, vehumet_altar_wand_db, mainiacjoe_overflow_24_doors,
          goddamned_bats
D:4:      layout_basic, lemuel_doored_altar, gammafunk_temple_overflow_statue
D:5:      layout_basic, nzn_hepliaklqana_mist_gate
D:6:      nicolae_whirlpool, layout_layer_cave, kennysheep_mini_moat,
          minmay_temple_entry_grid, nicolae_ossuary_entry_false_entrances
D:7:      layout_basic, mainiacjoe_overflow_tiny_flanked,
          grunt_temple_overflow_forces_of_nature, serial_shops, kennysheep_mini
Temple:   hellmonk_temple_flake

Skill      XL: |  1  2  3  4  5  6  7  8  9 |
---------------+----------------------------+-----
Dodging        | 2 4 |  4.0
Armour         | 2 3 4 |  4.0
Fighting       | 2 3 4 5 |  5.1
Evocations     | 1 2 3 4 |  4.0
Fire Magic     | 1 |  1.0
Ice Magic      | 1 |  1.0
Spellcasting   | 3 4 5 |  5.0
Short Blades   | 4 5 |  5.8
Summonings     | 2 3 |  3.0
Air Magic      | 1 |  1.0
Poison Magic   | 1 |  1.0
Conjurations   | |  3.3
Hexes          | |  2.0

Action                     |  1- 3 |  4- 6 |  7- 9 || total
---------------------------+-------+-------+-------++-------
  Melee: Hand axe          |    72 |   207 |    36 ||   315
         Headbutt          |    10 |    34 |    75 ||   119
         Punch             |       |     2 |     2 ||     4
         Scimitar          |       |       |   232 ||   232
         Unarmed           |       |       |    18 ||    18
         War axe           |       |       |     5 ||     5
         Staff             |       |       |    16 ||    16
  Throw: Stone             |       |    24 |    10 ||    34
         Javelin           |       |       |     4 ||     4
         Dart              |       |       |     5 ||     5
         Boomerang         |       |       |     7 ||     7
   Cast: Call Imp          |       |       |     8 ||     8
    Use: Scroll            |       |     3 |     7 ||    10
         Potion            |       |       |    13 ||    13
   Stab: Sleeping          |     1 |       |     7 ||     8
         Paralysed         |       |       |     8 ||     8
 Armour: Ring mail         |    27 |       |       ||    27
         Leather armour    |     5 |       |       ||     5
         Chain mail        |    13 |   267 |   181 ||   461
         Robe              |     5 |       |   153 ||   158
         Skin              |       |       |    14 ||    14
  Dodge: Dodged            |    32 |   135 |   278 ||   445

Table legend: (Time is in decaauts)
 A = Elapsed time spent in this place.
 B = Non-inter-level travel time spent in this place.
 C = Inter-level travel time spent in this place.
 D = Time resting spent in this place.
 E = Time spent auto-exploring this place.
 F = Levels seen in this place.
 G = Mean time per level.
                   A        B        C        D        E       F      G
               +--------+--------+--------+--------+--------+-----+--------+
         Total |   9455 |   7307 |   2148 |   1578 |   3706 |   9 | 1050.6 |
       Dungeon |   9101 |   6953 |   2148 |   1492 |   3677 |   7 | 1300.1 |
        Temple |     10 |     10 |      0 |      0 |      0 |   1 |   10.0 |
       Ossuary |    343 |    343 |      0 |     86 |     29 |   1 |  343.0 |
               +--------+--------+--------+--------+--------+-----+--------+

Top non-repeatable levels by time:
     D:4: 1829 daAuts
     D:6: 1813 daAuts
     D:2: 1575 daAuts
     D:5: 1431 daAuts
     D:1: 1115 daAuts
     D:3: 1059 daAuts
 Ossuary: 343 daAuts
     D:7: 275 daAuts
  Temple: 10 daAuts
